 Dungeon Crawl Stone Soup version 0.20.1-1-g8b1a95d (webtiles) character file.

427 Linguinho the Sneak (level 6, -4/42 (46) HPs)
             Began as a Demonspawn Assassin on Oct 29, 2017.
             Engulfed by a cloud of foul pestilence (10 damage)
             ... on level 4 of the Dungeon.
             The game lasted 00:14:29 (3769 turns).

Linguinho the Sneak (Demonspawn Assassin)           Turns: 3769, Time: 00:14:29

HP:   -4/42 (46)    AC:  6    Str: 12    XL:     6   Next: 65%
MP:   6/6           EV:  7    Int: 12    God:
Gold: 75            SH: 10    Dex: 16    Spells: 5/5 levels left

rFire    . . .     SeeInvis .   a - +2 dagger
rCold    . . .     Gourm    .   z - +0 large shield
rNeg     . . .     Faith    .   u - +0 leather armour
rPois    .         Spirit   .   c - +0 helmet
rElec    .         Reflect  .   d - +0 cloak
rCorr    .         Harm     .   (no gloves)
MR       .....                  B - +0 pair of boots
Stlth    +++++.....             (no amulet)
Regen    0.2/turn               (no ring)
MPRegen  0.1/turn               (no ring)

@: lethally poisoned (-4 -> -73), slowed, very slow
A: hooves 1, nightstalker 2, spiny 1, sturdy frame 1
a: no special abilities


You were on level 4 of the Dungeon.
You were hungry.

You visited 1 branch of the dungeon, and saw 4 of its levels.

You collected 75 gold pieces.

Inventory:

Hand Weapons
 a - a +2 dagger (weapon)
 b - a +0 blowgun
Missiles
 e - 15 poisoned needles
 f - 2 curare-tipped needles
Armour
 c - a +0 helmet (worn)
 d - a +0 cloak (worn)
 u - a +0 leather armour (worn)
 z - a +0 large shield (worn)
 B - a +0 pair of boots (worn)
Wands
 C - a wand of flame (22/48)
Scrolls
 h - 4 scrolls of identify
 l - a scroll of immolation {unknown}
 n - 2 scrolls of fear
 q - a scroll of noise {unknown}
 r - 2 scrolls of magic mapping {unknown}
 s - a scroll of recharging {unknown}
 v - 2 scrolls of enchant weapon {unknown}
 x - a scroll of remove curse {unknown}
 y - a scroll of blinking {unknown}
Potions
 j - a potion of might {unknown}
 k - a potion of heal wounds {unknown}
 o - 4 potions of curing
 p - a potion of magic {unknown}
 t - a potion of mutation {unknown}
 w - a potion of flight {unknown}
 A - a potion of berserk rage {unknown}
 D - a potion of lignification {unknown}
 E - a potion of resistance {unknown}
 F - a potion of degeneration {unknown}
Comestibles
 g - 3 bread rations
 i - 3 fruits
 m - a meat ration


   Skills:
 * Level 2.9 Fighting
 * Level 2.8 Short Blades
 * Level 2.6 Throwing
 + Level 1.5 Armour
 * Level 2.0 Dodging
 * Level 5.9 Stealth


You had 5 spell levels left.
You didn't know any spells.

Dungeon Overview and Level Annotations

Branches:
Dungeon (4/15)
 Temple: D:4-7

Altars:
Kikubaaqudgha
The Shining One


Innate Abilities, Weirdness & Mutations

You have large cloven feet.
You are significantly more attuned to the shadows.
You are partially covered in sharp spines.
Your movements are slightly less encumbered by armour. (ER -2)


Message History

The adder skeleton is struck by your spines.
The adder skeleton barely misses you. The rat skeleton barely misses you.
The adder skeleton is struck by your spines.
You destroy the adder skeleton!
That felt strangely unrewarding.
As you read the scroll labeled QUWKYMOEBB, it crumbles to dust.
You assume a fearsome visage.
The centaur skeleton is unaffected.
The rat skeleton is unaffected.
It was a scroll of fear.
You are engulfed in dark miasma.
You are more poisoned.
You feel your flesh rotting away!
* * * LOW HITPOINT WARNING * * *
You feel very sick.
You block the centaur skeleton's attack.
The rat skeleton closely misses you.
As you read the scroll labeled DOOMAXKE NOITE, it crumbles to dust.
It is a scroll of identify.
o - 4 potions of curing You are engulfed in dark miasma.
You are more poisoned.
You die...

#. #.# #.# #.# #.# #.# #.#
#.# ######.# #.#### #.#
.>...#.# #....# #.#
####.#.# #.##.# #.# #.#.#
#.##Z# #.#
####.#.######.##@# #.#
.............[##Z# #.#
...............#.# #.#
#############.##.#######.#
####.........# ###########


You could see a rat skeleton and a centaur skeleton.

Vanquished Creatures
  2 scorpions (D:4)
  A howler monkey (D:4)
  A hound (D:4)
  An orc wizard (D:3)
  A worker ant (D:4)
  Natasha (thrice) (D:4)
  4 adders
  An ooze (D:1)
  2 adder skeletons (D:4)
  3 worms
  A dart slug (D:1)
  2 leopard geckos (D:1)
  6 orcs
  2 ball pythons
  5 bats
  3 giant cockroaches
  12 hobgoblins
  A quokka (D:3)
  5 frilled lizards
  8 goblins
  5 kobolds
  A leopard gecko skeleton (D:4)
  7 rats
77 creatures vanquished.

Notes
Turn   | Place    | Note
-------+----------+-------------------------------------------
     0 | D:1      | Linguinho the Demonspawn Assassin began the quest for the Orb.
     0 | D:1      | Reached XP level 1. HP: 16/16 MP: 1/1
    49 | D:1      | Reached skill level 1 in Dodging
   111 | D:1      | Gained mutation: You are partially covered in sharp spines. [demonic ancestry]
   111 | D:1      | Reached XP level 2. HP: 10/22 MP: 2/2
   114 | D:1      | Reached skill level 4 in Stealth
   486 | D:1      | Gained mutation: You have large cloven feet. [demonic ancestry]
   486 | D:1      | Reached XP level 3. HP: 24/27 MP: 3/3
  1054 | D:2      | Gained mutation: You are slightly more attuned to the shadows. [demonic ancestry]
  1054 | D:2      | Reached XP level 4. HP: 27/34 MP: 4/4
  1432 | D:3      | Reached skill level 5 in Stealth
  2080 | D:3      | Gained mutation: You are significantly more attuned to the shadows. [demonic ancestry]
  2080 | D:3      | Reached XP level 5. HP: 39/39 MP: 5/5
  2104 | D:3      | Reached skill level 1 in Armour
  2470 | D:4      | Noticed Natasha
  2475 | D:4      | Killed Natasha
  2488 | D:4      | Noticed Natasha
  2504 | D:4      | Killed Natasha
  2659 | D:4      | Found an ancient bone altar of Kikubaaqudgha.
  2661 | D:4      | Found a glowing golden altar of the Shining One.
  2669 | D:4      | Gained mutation: Your movements are slightly less encumbered by armour. (ER -2) [demonic ancestry]
  2669 | D:4      | Reached XP level 6. HP: 46/46 MP: 6/6
  2675 | D:4      | Became a worshipper of Kikubaaqudgha
  3004 | D:4      | Noticed Natasha
  3308 | D:4      | Killed Natasha
  3694 | D:3      | Fell from the grace of Kikubaaqudgha
  3769 | D:4      | Engulfed by a cloud of foul pestilence

Skill      XL: |  1  2  3  4  5  6 |
---------------+-------------------+-----
Dodging        | 1 2 |  2.0
Stealth        | 4 5 |  5.9
Throwing       | 2 |  2.6
Short Blades   | 2 |  2.8
Armour         | 1 |  1.5
Fighting       | |  2.9

Action                   |  1- 3 |  4- 6 || total
-------------------------+-------+-------++-------
Melee: Dagger            |    69 |   112 ||   181
       Kick              |    10 |    10 ||    20
Invok: Renounce Religion |       |     1 ||     1
  Use: Scroll            |       |     2 ||     2
 Stab: Sleeping          |     5 |    14 ||    19
  Eat: Chunk             |       |     4 ||     4
       Bread ration      |       |     1 ||     1
Armor: Robe              |    15 |       ||    15
       Leather armour    |     1 |    19 ||    20
Dodge: Dodged            |    50 |    37 ||    87
Block: Large shield      |       |     4 ||     4
